AoeStats
← Sasha_Kive

Black Forest

507808462Analyzed
4v4 RM · 13d ago on Sep 19, 2026· 55m 56s· 8 players
Game mode
Random Map
Map size
Large (8 player)
Population
200
Speed
Normal
Resources
Standard
Victory
Conquest
Starting age
Dark Age
Ending age
Imperial Age
RankedLock teamsTeams togetherTeam positionsShared explorationLock speedFull tech treeHidden civsTurbo modeCheats
Victory
Defeat
🇮🇹 Koreans · Italy
1644
+20
🇧🇷 Malay · Brazil
1606
+21
🇻🇳 Saracens · Vietnam
1568
+22
🇺🇦 Malians · Ukraine
1557
+23
🇦🇷 Cumans · Argentina
1774
-23
🇦🇷 Persians · Argentina
1744
-22
🇦🇷 Bohemians · Argentina
1717
-22
🇦🇷 Dravidians · Argentina
1658
-19
Remo
12:06 Feudal Age
15:49 Castle Age
14:20 Double-Bit Axe
17:14 Bow Saw
22:37 Fishing Lines
23:00 Horse Collar
24:18 Heavy Plow
24:59 Wheelbarrow
25:14 Gillnets
26:43 Pikeman
27:56 Hand Cart
31:01 Imperial Age
28:25 Loom
28:25 Town Watch
29:40 Forging
29:30 Scale Mail Armor
29:40 Pikeman
30:22 Squires
30:07 Arson
30:59 Iron Casting
31:18 Halberdier
31:54 Heavy Rocket Cart
33:09 Chain Mail Armor
34:29 Chemistry
33:35 Siege Engineers
36:21 Shinkichon
46:50 Caravan
Sasha_Kive
1:49 Loom
12:08 Feudal Age
12:48 Double-Bit Axe
12:48 Horse Collar
15:37 Castle Age
13:56 Loom
13:57 Town Watch
17:20 Wheelbarrow
18:01 Loom
18:32 Gold Mining
19:01 Bow Saw
19:18 Gold Mining
29:36 Imperial Age
27:44 Arson
28:00 Squires
28:21 Fletching
28:32 Scale Mail Armor
28:39 Scale Mail Armor
29:58 Chain Mail Armor
31:34 Plate Mail Armor
31:46 Conscription
32:10 Forging
33:49 Iron Casting
33:09 Bodkin Arrow
33:49 Man-at-Arms
34:34 Caravan
36:54 Heavy Plow
36:35 Elite Gbeto
36:54 Long Swordsman
36:55 Pikeman
38:38 Hand Cart
38:08 Town Watch
38:37 Two-Handed Swordsman
40:56 Scale Barding Armor
41:02 Farimba
42:04 Chain Barding Armor
41:59 Heavy Camel Rider
43:38 Bloodlines
43:29 Husbandry
44:32 Plate Barding Armor
47:01 Tigui
48:46 Light Cavalry
50:32 Gold Shaft Mining
52:00 Coinage
51:49 Stone Mining
52:53 Ballistics
53:34 Chemistry
52:44 Masonry
52:49 Guilds
54:37 Banking
53:36 Capped Ram
56:58 Hoardings
55:54 Sappers
Dakar1
2:22 Loom
10:27 Feudal Age
10:28 Double-Bit Axe
11:09 Fishing Lines
19:19 Castle Age
18:51 Gillnets
19:44 Bow Saw
22:14 Wheelbarrow
27:44 Imperial Age
25:56 Scale Barding Armor
26:02 Forging
27:33 Conscription
28:21 Husbandry
29:28 Iron Casting
29:08 Elite Battle Elephant
31:31 Blast Furnace
30:25 Pikeman
31:06 Squires
30:51 Arson
31:28 Halberdier
32:09 Squires
35:21 Elite Karambit Warrior
39:39 Fletching
40:40 Bodkin Arrow
41:25 Hand Cart
40:56 Town Watch
41:45 Bracer
41:42 Crossbowman
42:27 Arbalester
43:13 Thumb Ring
43:12 Padded Archer Armor
43:24 Caravan
46:20 Chemistry
45:40 Ballistics
54:21 Elite Skirmisher
55:05 Light Cavalry
This is Kawaii
0:40 Loom
13:45 Feudal Age
18:36 Double-Bit Axe
21:20 Castle Age
19:32 Double-Bit Axe
20:29 Fishing Lines
29:32 Horse Collar
29:59 Gillnets
32:47 Wheelbarrow
34:07 Gold Mining
36:59 Imperial Age
36:29 Fletching
37:26 Bodkin Arrow
37:39 Scale Barding Armor
37:46 Bloodlines
37:36 Husbandry
37:44 Elite Mameluke
38:37 Forging
52:03 Capped Ram
55:34 Hand Cart
MiMo
7:29 Loom
10:35 Feudal Age
11:54 Man-at-Arms
14:35 Double-Bit Axe
17:13 Wheelbarrow
17:44 Fishing Lines
22:05 Castle Age
22:58 Bow Saw
24:00 Horse Collar
26:41 Hand Cart
27:08 Fervor
31:16 Imperial Age
28:18 Pikeman
29:40 Scale Mail Armor
30:26 Squires
30:41 Forging
30:46 Chain Mail Armor
30:41 Forging
32:50 Chemistry
32:00 Masonry
31:55 Halberdier
33:31 Chain Mail Armor
33:52 Iron Casting
39:11 Town Watch
40:01 Houfnice
40:54 Fletching
41:35 Plate Mail Armor
41:41 Iron Casting
42:46 Two-Man Saw
43:07 Siege Engineers
43:57 Conscription
44:47 Ballistics
48:34 Guard Tower
49:14 Architecture
48:34 Guard Tower
48:40 Bodkin Arrow
48:46 Padded Archer Armor
52:25 Blast Furnace
51:44 Bracer
52:00 Leather Archer Armor
54:02 Keep
54:08 Arrowslits
54:53 Architecture
Gorlami
2:29 Loom
12:16 Feudal Age
13:01 Double-Bit Axe
12:56 Horse Collar
18:58 Castle Age
18:33 Fishing Lines
20:06 Bow Saw
20:52 Gillnets
21:44 Heavy Plow
23:12 Wheelbarrow
22:53 Gold Mining
25:29 Gold Shaft Mining
27:25 Imperial Age
25:41 Hand Cart
26:37 Scale Barding Armor
26:42 Forging
25:57 Capped Ram
26:08 Light Cavalry
26:58 Bloodlines
27:48 Chain Barding Armor
27:41 Pikeman
28:21 Squires
28:23 Scale Mail Armor
29:00 Cavalier
30:16 Plate Barding Armor
30:17 Iron Casting
29:41 Onager
30:55 Paladin
32:37 Onager
37:13 Blast Furnace
36:58 Siege Onager
38:09 Caravan
39:54 Coinage
40:40 Banking
41:44 Guilds
43:38 Chemistry
42:59 Ballistics
42:51 Light Cavalry
45:05 Hussar
45:25 Siege Ram
46:15 Elite Kipchak
46:46 Fletching
46:57 Padded Archer Armor
47:51 Bodkin Arrow
48:20 Conscription
49:43 Masonry
Kant be real
0:26 Loom
14:35 Feudal Age
16:52 Double-Bit Axe
20:35 Town Watch
24:37 Castle Age
23:09 Horse Collar
26:46 Bow Saw
26:37 Heavy Plow
28:16 Stone Mining
28:17 Fishing Lines
33:48 Wheelbarrow
36:38 Imperial Age
34:06 Fletching
34:17 Gold Mining
35:10 Bodkin Arrow
35:16 Padded Archer Armor
35:52 Ballistics
36:46 Leather Archer Armor
39:04 Chemistry
40:41 Ring Archer Armor
Lic. VELEZ Y VINO
11:45 Feudal Age
15:28 Castle Age
13:27 Double-Bit Axe
16:19 Bow Saw
20:04 Fishing Lines
21:36 Horse Collar
23:33 Heavy Plow
28:38 Imperial Age
26:31 Bloodlines
26:21 Husbandry
26:57 Scale Barding Armor
27:03 Forging
28:05 Chain Barding Armor
27:32 Loom
28:36 Wheelbarrow
27:54 Gold Mining
27:54 Stone Mining
28:20 Husbandry
30:03 Chemistry
28:32 Cavalier
30:31 Heavy Camel Rider
32:07 Hand Cart
32:48 Plate Barding Armor
32:48 Fletching
33:19 Ballistics
32:49 Savar
38:02 Coinage
37:51 Padded Archer Armor
37:46 Bodkin Arrow
39:24 Leather Archer Armor
39:26 Caravan
41:42 Conscription
41:29 Light Cavalry
43:47 Masonry
44:27 Iron Casting
43:38 Crossbowman
47:04 Two-Man Saw
46:20 Thumb Ring
46:17 Kamandaran
47:38 Hoardings
46:58 Gillnets
49:56 Hussar
Connection lost

Rejoining the realm…

Still unreachable

The connection could not be restored.

Session expired

The server has moved on; the page needs a fresh start.